 Dungeon Crawl Stone Soup version 0.20.1-1-g8b1a95d (webtiles) character file.

30 Pillovv the Vexing (level 3, 0/20 HPs)
             Began as a Kobold Arcane Marksman on Dec 3, 2017.
             Slain by a rat (1 damage)
             ... on level 2 of the Dungeon.
             The game lasted 00:13:55 (545 turns).

Pillovv the Vexing (Kobold Arcane Marksman)          Turns: 545, Time: 00:14:00

Health: 0/20       AC:  2    Str:  7    XL:     3   Next: 37%
Magic:  4/4        EV: 16    Int: 19    God:
Gold:   66         SH:  0    Dex: 16    Spells: 0/4 levels left

rFire    . . .     SeeInvis .   a - +0 hand crossbow
rCold    . . .     Gourm    .   (shield restricted)
rNeg     . . .     Faith    .   h - +0 robe
rPois    .         Spirit   .   (no helmet)
rElec    .         Reflect  .   (no cloak)
rCorr    .         Harm     .   (no gloves)
MR       .....                  (no boots)
Stlth    ++........             (no amulet)
Regen    0.1/turn               (no ring)
MPRegen  0.1/turn               (no ring)

@: brilliant
A: carnivore 3
a: no special abilities


You were on level 2 of the Dungeon.
You were very full.

You visited 1 branch of the dungeon, and saw 2 of its levels.

You collected 66 gold pieces.

Inventory:

Hand Weapons
 a - a +0 hand crossbow (weapon)
 g - a +0 club
 j - a +0 hand axe
Missiles
 d - 4 bolts (quivered)
 k - 2 stones
 l - 8 tomahawks
Armour
 e - a +0 robe
 h - a +0 robe (worn)
Books
 c - a book of Debilitation

   Spells                             Type                      Level
   a - Corona                         Hexes                        1
   b - Slow                           Hexes                        2
   c - Inner Flame                    Hexes/Fire                   3
   d - Portal Projectile              Hexes/Translocation          3
   e - Cause Fear                     Hexes                        4
   f - Leda's Liquefaction            Hexes/Earth                  4
 m - a book of Misfortune

   Spells                             Type                      Level
   a - Confusing Touch                Hexes                        1
   b - Confuse                        Hexes                        3
   c - Gell's Gravitas                Translocation                3
   d - Petrify                        Transmutation/Earth          4
   e - Metabolic Englaciation         Hexes/Ice                    5
   f - Yara's Violent Unravelling     Hexes/Transmutation          5
Comestibles
 f - a meat ration
 i - a fruit {GAY}


   Skills:
 + Level 1.2 Fighting
 + Level 2.9 Crossbows
 + Level 2.9 Dodging
 + Level 0.4 Stealth
 + Level 1.1 Spellcasting
 + Level 3.6 Hexes


You couldn't memorise any spells.
You knew the following spells:

 Your Spells              Type           Power        Failure   Level  Hunger
a - Corona                Hex            ####...      1%          1    ##.....
b - Portal Projectile     Hex/Tloc       ###...       3%          3    ####...


Dungeon Overview and Level Annotations

Branches:
Dungeon (2/15)

Altars:


Innate Abilities, Weirdness & Mutations

You are small and have problems with some larger weapons.
You are carnivorous and can eat meat at any time.


Message History

Firing (i - inventory. (,) - cycle):
d - 6 bolts (quivered)
Press: ? - help, Shift-Dir - straight line, f - leopard gecko
Aim: a leopard gecko (clinging)
You can't see any item there.
You shoot a bolt. The bolt hits the leopard gecko.
The leopard gecko is heavily wounded.
The bat closely misses you.
The giant cockroach bites you but does no damage.
The rat misses you. The leopard gecko misses you.
The hobgoblin closely misses you. The giant cockroach misses you.
Firing (i - inventory. (,) - cycle):
d - 5 bolts (quivered)
Press: ? - help, Shift-Dir - straight line, f/p - leopard gecko
Aim: a leopard gecko (heavily wounded, clinging)
You shoot a bolt.
The bolt barely misses the leopard gecko.
The bolt barely misses the kobold.
The bat misses you. The leopard gecko bites you.
* * * LOW HITPOINT WARNING * * *
The rat bites you.
You die...

.##..# .# #.# .# ... ##
###. # [ #### ..# #.#
####### ####.######.###
......####(...Kl@rb.....
...........###>sg....###
....(..##### #.......#
.(....## #########
#######


You could see a leopard gecko, a giant cockroach, a hobgoblin, a bat, a kobold
and a rat.

Vanquished Creatures
  An ooze (D:1)
  A dart slug (D:1)
  A leopard gecko (D:1)
  A ball python (D:1)
  4 bats
  A giant cockroach (D:1)
  4 hobgoblins (D:1)
  2 jackals (D:1)
  2 goblins
  A kobold (D:1)
  3 rats (D:1)
21 creatures vanquished.

Notes
Turn   | Place    | Note
-------+----------+-------------------------------------------
     0 | D:1      | Pillovv the Kobold Arcane Marksman began the quest for the Orb.
     0 | D:1      | Reached XP level 1. HP: 12/12 MP: 2/2
    98 | D:1      | Reached XP level 2. HP: 16/16 MP: 3/3
   262 | D:1      | Reached XP level 3. HP: 15/20 MP: 4/4
   455 | D:1      | Learned a level 3 spell: Portal Projectile
   545 | D:2      | HP: 1/20 [leopard gecko (3)]
   545 | D:2      | Slain by a rat

Action                   || total
-------------------------++-------
Melee: Hand crossbow     ||     7
 Fire: Hand crossbow     ||    61
  Use: Potion            ||     2
  Eat: Meat ration       ||     1
Armor: Robe              ||    18
Dodge: Dodged            ||   112
